PAAA
BALTIMORE BLACK SOX @ FLORIDA MEN
06/24/2034
 
TOP OF THE 1ST
Baltimore Black Sox batting - Pitching for Florida Men : RHP Tyler MacHugh
Pitching: RHP Tyler MacHugh
Batting: RHB Fernando Martínez 0-0: Foul Ball, location: 2F
0-1: Foul Ball, location: 2F
0-2: Reached on error, E7 (Flyball, 78D)
Batting: LHB Ramón Flores 0-0: Ball
1-0: Ball
Fernando Martínez is caught stealing 2nd base
2-0: Called Strike
2-1: Fly out, F8 (Flyball, 8LM)
Batting: RHB Daniel Bertrand 0-0: DOUBLE (Groundball, 5L)
Batting: RHB Armando Alvarado 0-0: Ball
1-0: Foul Ball, location: 2F
1-1: Swinging Strike
1-2: Ball
2-2: Ball
3-2: SINGLE (Line Drive, 4MD)
Daniel Bertrand to third
Daniel Bertrand scores
Batting: RHB Berihun Tukufu 0-0: Ball
1-0: Fly out, F7 (Flyball, 7)
Top of the 1st over - 1 run, 2 hits, 1 error, 1 left on base; Baltimore 1 - Florida 0
BOTTOM OF THE 1ST
Florida Men batting - Pitching for Baltimore Black Sox : RHP Jordan Turpin
Pitching: RHP Jordan Turpin
Batting: LHB Jim Halpert 0-0: Ground out 4-3 (Groundball, 4)
Batting: SHB Henrique de Senna Fernandes 0-0: Called Strike
0-1: Called Strike
0-2: Fly out, F4 (Popup, 4)
Batting: RHB Vojtech Farkas 0-0: Ball
1-0: Called Strike
1-1: SINGLE (Line Drive, 8LS)
Batting: LHB Alfred Miles 0-0: Called Strike
Vojtech Farkas steals 2nd base
0-1: Ball
1-1: Fly out, F4 (Popup, 4S)
Bottom of the 1st over - 0 runs, 1 hit, 0 errors, 1 left on base; Baltimore 1 - Florida 0
TOP OF THE 2ND
Baltimore Black Sox batting - Pitching for Florida Men : RHP Tyler MacHugh
Batting: LHB Marcos Costa 0-0: SINGLE (Line Drive, 34D)
Batting: RHB Lee Storment 0-0: Ball
1-0: Called Strike
1-1: Ball
2-1: Called Strike
2-2: Fielders Choice at 2nd, 6-4 (Groundball, 6)
Batting: SHB Alex Mable 0-0: Ground out U3 (Groundball, 3)
Lee Storment to second
Batting: RHB Pedro Torres 0-0: Called Strike
0-1: Fly out, F9 (Flyball, 9S)
Top of the 2nd over - 0 runs, 1 hit, 0 errors, 1 left on base; Baltimore 1 - Florida 0
BOTTOM OF THE 2ND
Florida Men batting - Pitching for Baltimore Black Sox : RHP Jordan Turpin
Batting: RHB Dave Norton 0-0: Reached via error on a dropped throw, E1
Batting: RHB Bob Phillips 0-0: Foul Ball, location: 2F
0-1: Called Strike
0-2: Strikes out swinging
Batting: RHB José Córdova 0-0: Ball
1-0: SINGLE (Flyball, 89S)
Dave Norton to second
Runner from 2nd tries for 3rd, SAFE, no throw
Batting: SHB Spencer Landes 0-0: Ball
1-0: Foul Ball, location: 2F
1-1: Swinging Strike
1-2: Ball
2-2: Strikes out swinging
Batting: RHB Henry Lambright 0-0: Called Strike
0-1: Swinging Strike
0-2: Strikes out swinging
Bottom of the 2nd over - 0 runs, 1 hit, 1 error, 2 left on base; Baltimore 1 - Florida 0
TOP OF THE 3RD
Baltimore Black Sox batting - Pitching for Florida Men : RHP Tyler MacHugh
Batting: RHB Fernando Martínez 0-0: Ball
1-0: Called Strike
1-1: Ball
2-1: Foul Ball, location: 2F
2-2: Foul Ball, location: 2F
2-2: SINGLE (Flyball, 7LS)
Batting: LHB Ramón Flores 0-0: Fielders Choice at 2nd, 1-6 (Groundball, 13)
Batting: RHB Daniel Bertrand 0-0: Fly out, F8 (Flyball, 8RD)
Batting: RHB Armando Alvarado 0-0: Ball
1-0: Called Strike
1-1: Ball
2-1: Swinging Strike
2-2: Foul Ball, location: 2F
2-2: Ball
3-2: Base on Balls
Ramón Flores to second
Batting: RHB Berihun Tukufu 0-0: Called Strike
0-1: Called Strike
Armando Alvarado steals 2nd base
Ramón Flores to third
0-2: Ball
1-2: SINGLE (Groundball, 56D)
Ramón Flores scores
Armando Alvarado to third
Runner from 3rd tries for Home, SAFE, no throw
Batting: LHB Marcos Costa 0-0: Ball
1-0: Ball
2-0: Ball
3-0: Called Strike
3-1: Base on Balls
Berihun Tukufu to second
Batting: RHB Lee Storment 0-0: Foul Ball, location: 2F
0-1: Called Strike
0-2: Ball
1-2: Foul Ball, location: 2F
1-2: Foul Ball, location: 2F
1-2: Fly out, F8 (Flyball, 8LD)
Top of the 3rd over - 2 runs, 2 hits, 0 errors, 2 left on base; Baltimore 3 - Florida 0
BOTTOM OF THE 3RD
Florida Men batting - Pitching for Baltimore Black Sox : RHP Jordan Turpin
Batting: LHB Jim Halpert 0-0: Ground out 4-3 (Groundball, 4)
Batting: SHB Henrique de Senna Fernandes 0-0: Swinging Strike
0-1: Ball
1-1: Ball
2-1: Foul Ball, location: 2F
2-2: Ball
3-2: Base on Balls
Batting: RHB Vojtech Farkas 0-0: Called Strike
0-1: Ball
1-1: Foul Ball, location: 2F
1-2: SINGLE (Groundball, 4D)
Henrique de Senna Fernandes to second
Runner from 2nd tries for 3rd, SAFE, no throw
Batting: LHB Alfred Miles 0-0: Ball
1-0: Swinging Strike
1-1: Ball
2-1: Fielders Choice at 2nd, 1-6 (Groundball, P)
Batting: RHB Dave Norton 0-0: Swinging Strike
0-1: Foul Ball, location: 2F
0-2: Ball
1-2: Strikes out swinging
Bottom of the 3rd over - 0 runs, 1 hit, 0 errors, 2 left on base; Baltimore 3 - Florida 0
TOP OF THE 4TH
Baltimore Black Sox batting - Pitching for Florida Men : RHP Tyler MacHugh
Batting: SHB Alex Mable 0-0: Fly out, F3 (Popup, 23F)
Batting: RHB Pedro Torres 0-0: Ball
1-0: Called Strike
1-1: Called Strike
1-2: Foul Ball, location: 2F
1-2: DOUBLE (Line Drive, 7LD)
Batting: RHB Fernando Martínez 0-0: Ball
1-0: Ball
2-0: Called Strike
2-1: Foul Ball, location: 2F
2-2: Foul Ball, location: 2F
2-2: Ball
3-2: Foul Ball, location: 2F
3-2: Ground out 5-3 (Groundball, 56)
Batting: LHB Ramón Flores 0-0: Reached on error, E6 (Line Drive, 6)
Pedro Torres to third
Batting: RHB Daniel Bertrand 0-0: Fly out, F3 (Popup, 3S)
Top of the 4th over - 0 runs, 1 hit, 1 error, 2 left on base; Baltimore 3 - Florida 0
BOTTOM OF THE 4TH
Florida Men batting - Pitching for Baltimore Black Sox : RHP Jordan Turpin
Batting: RHB Bob Phillips 0-0: Called Strike
0-1: Ball
1-1: Ball
2-1: Ball
3-1: Called Strike
3-2: Foul Ball, location: 2F
3-2: Fly out, F7 (Flyball, 7S)
Batting: RHB José Córdova 0-0: Foul Ball, location: 2F
0-1: Ball
1-1: Ball
2-1: Foul Ball, location: 2F
2-2: Ball
3-2: Fly out, F2 (Popup, 2RF)
Batting: SHB Spencer Landes 0-0: Fly out, F7 (Flyball, 7LD)
Bottom of the 4th over - 0 runs, 0 hits, 0 errors, 0 left on base; Baltimore 3 - Florida 0
TOP OF THE 5TH
Baltimore Black Sox batting - Pitching for Florida Men : RHP Tyler MacHugh
Batting: RHB Armando Alvarado 0-0: Ball
1-0: Called Strike
1-1: SINGLE (Line Drive, 6M)
Batting: RHB Berihun Tukufu 0-0: Called Strike
0-1: Swinging Strike
0-2: Foul Ball, location: 2F
0-2: Ball
1-2: Strikes out swinging
Batting: LHB Marcos Costa Balk!
Armando Alvarado to second
0-0: Ball
1-0: Called Strike
1-1: Ball
2-1: Ground out 6-3 (Groundball, 6)
Batting: RHB Lee Storment 0-0: Foul Ball, location: 2F
0-1: Ball
1-1: Foul Ball, location: 2F
1-2: Strikes out swinging
Top of the 5th over - 0 runs, 1 hit, 0 errors, 1 left on base; Baltimore 3 - Florida 0
BOTTOM OF THE 5TH
Florida Men batting - Pitching for Baltimore Black Sox : RHP Jordan Turpin
Batting: RHB Henry Lambright 0-0: Fly out, F9 (Line Drive, 89S)
Batting: LHB Jim Halpert 0-0: Ball
1-0: Fly out, F5 (Line Drive, 56)
Batting: SHB Henrique de Senna Fernandes 0-0: Swinging Strike
0-1: Swinging Strike
0-2: Foul Ball, location: 2F
0-2: Foul Ball, location: 2F
0-2: Strikes out swinging
Bottom of the 5th over - 0 runs, 0 hits, 0 errors, 0 left on base; Baltimore 3 - Florida 0
TOP OF THE 6TH
Baltimore Black Sox batting - Pitching for Florida Men : RHP Tyler MacHugh
Batting: SHB Alex Mable 0-0: Ball
1-0: Foul Ball, location: 2F
1-1: Ball
2-1: Ball
3-1: Base on Balls
Batting: RHB Pedro Torres 0-0: Ball
1-0: Bunted foul
1-1: Bunt missed!
1-2: Grounds into double play, 6-4-3 (Groundball, 6M)
Batting: RHB Fernando Martínez 0-0: Ball
1-0: Swinging Strike
1-1: Fly out, F8 (Flyball, 8LM)
Top of the 6th over - 0 runs, 0 hits, 0 errors, 0 left on base; Baltimore 3 - Florida 0
BOTTOM OF THE 6TH
Florida Men batting - Pitching for Baltimore Black Sox : RHP Jordan Turpin
Batting: RHB Vojtech Farkas 0-0: Ball
1-0: Ground out 6-3 (Groundball, 6)
Batting: LHB Alfred Miles 0-0: Ball
1-0: Called Strike
1-1: Ball
2-1: Fly out, F7 (Flyball, 7)
Batting: RHB Dave Norton 0-0: Ball
1-0: Ground out 5-3 (Groundball, 56)
Bottom of the 6th over - 0 runs, 0 hits, 0 errors, 0 left on base; Baltimore 3 - Florida 0
TOP OF THE 7TH
Baltimore Black Sox batting - Pitching for Florida Men : RHP Tyler MacHugh
Batting: LHB Ramón Flores 0-0: Called Strike
0-1: Ball
1-1: Called Strike
1-2: Ball
2-2: Ball
3-2: Base on Balls
Batting: RHB Daniel Bertrand 0-0: Ball
1-0: Foul Ball, location: 2F
1-1: SINGLE (Line Drive, 6MD)
Ramón Flores to second
Pitching: LHP Raymond Allan
Batting: RHB Armando Alvarado 0-0: Ball
1-0: Fielders Choice at 2nd, 6-4 (Groundball, 6)
Ramón Flores to third
Batting: RHB Berihun Tukufu 0-0: Ball
1-0: Ball
Wild Pitch!
Ramón Flores scores
Armando Alvarado to second
2-0: SINGLE (Groundball, 56D)
Armando Alvarado to third
Batting: LHB Marcos Costa 0-0: Foul Ball, location: 2F
0-1: DOUBLE (Line Drive, 7LS)
Armando Alvarado scores
Berihun Tukufu to third
Batting: RHB Lee Storment 0-0: Fly out, F8 (Flyball, 8RS)
Batting: SHB Alex Mable 0-0: Foul Ball, location: 2F
0-1: Ground out 5-3 (Groundball, 56)
Top of the 7th over - 2 runs, 3 hits, 0 errors, 2 left on base; Baltimore 5 - Florida 0
BOTTOM OF THE 7TH
Florida Men batting - Pitching for Baltimore Black Sox : RHP Jordan Turpin
Batting: RHB Bob Phillips 0-0: Ground out 6-3 (Groundball, 6)
Batting: RHB José Córdova 0-0: Ball
1-0: Ball
2-0: Swinging Strike
2-1: Swinging Strike
2-2: Strikes out looking
Batting: SHB Spencer Landes 0-0: Ground out 4-3 (Groundball, 34)
Bottom of the 7th over - 0 runs, 0 hits, 0 errors, 0 left on base; Baltimore 5 - Florida 0
TOP OF THE 8TH
Baltimore Black Sox batting - Pitching for Florida Men : LHP Raymond Allan
Batting: RHB Pedro Torres 0-0: Ball
1-0: Ball
2-0: Called Strike
2-1: Ground out 5-3 (Groundball, 56)
Batting: RHB Fernando Martínez 0-0: Foul Ball, location: 2F
0-1: Foul Ball, location: 2F
0-2: Fly out, F7 (Flyball, 7LS)
Batting: LHB Ramón Flores 0-0: Ball
1-0: Called Strike
1-1: SINGLE (Flyball, 89S)
Batting: RHB Daniel Bertrand 0-0: Called Strike
Ramón Flores steals 2nd base
0-1: Ball
1-1: Ball
2-1: Ball
3-1: Called Strike
3-2: SINGLE (Line Drive, 56D)
Ramón Flores to third
Ramón Flores scores
Batting: RHB Armando Alvarado 0-0: Ball
1-0: Foul Ball, location: 2F
1-1: Foul Ball, location: 2F
1-2: Fly out, F9 (Flyball, 9LSF)
Top of the 8th over - 1 run, 2 hits, 0 errors, 1 left on base; Baltimore 6 - Florida 0
BOTTOM OF THE 8TH
Florida Men batting - Pitching for Baltimore Black Sox : RHP Jordan Turpin
Now in LF: Maikel Cobblepot
Batting: RHB Henry Lambright 0-0: Called Strike
Error on foul ball, E3
0-2: Foul Ball, location: 2F
0-2: Foul Ball, location: 2F
0-2: Ball
1-2: Fly out, F2 (Popup, 2L)
Batting: LHB Jim Halpert 0-0: Ground out U3 (Groundball, 3)
Batting: SHB Henrique de Senna Fernandes 0-0: Foul Ball, location: 2F
0-1: Ball
1-1: Called Strike
1-2: Ball
2-2: Ball
3-2: Base on Balls
Batting: RHB Vojtech Farkas 0-0: 2-RUN HOME RUN (Flyball, 7LD), Distance : 365 ft
Batting: LHB Alfred Miles 0-0: Ball
1-0: Ball
2-0: Called Strike
2-1: Ground out 4-3 (Groundball, 34)
Bottom of the 8th over - 2 runs, 1 hit, 1 error, 0 left on base; Baltimore 6 - Florida 2
TOP OF THE 9TH
Baltimore Black Sox batting - Pitching for Florida Men : LHP Raymond Allan
Pitching: RHP Tadayoshi Tanaka
Batting: RHB Berihun Tukufu 0-0: Ball
1-0: Foul Ball, location: 2F
1-1: Foul Ball, location: 2F
1-2: Fly out, F8 (Flyball, 8RXD)
Batting: LHB Marcos Costa 0-0: Fly out, F9 (Flyball, 9S)
Batting: RHB Lee Storment 0-0: Foul Ball, location: 2F
0-1: Ball
1-1: Ground out U3 (Groundball, 34)
Top of the 9th over - 0 runs, 0 hits, 0 errors, 0 left on base; Baltimore 6 - Florida 2
BOTTOM OF THE 9TH
Florida Men batting - Pitching for Baltimore Black Sox : RHP Jordan Turpin
Batting: RHB Dave Norton 0-0: Ground out 6-3 (Groundball, 6M)
Batting: RHB Bob Phillips 0-0: Ball
1-0: Ball
2-0: Called Strike
2-1: Foul Ball, location: 2F
2-2: Ball
3-2: Base on Balls
Batting: RHB José Córdova 0-0: Called Strike
0-1: Foul Ball, location: 2F
0-2: Fly out, F8 (Line Drive, 78M)
Batting: SHB Spencer Landes 0-0: Foul Ball, location: 2F
0-1: SINGLE (Line Drive, 89S)
Bob Phillips to second
Pitching: LHP Ilie Paunescu
Batting: RHB Henry Lambright 0-0: Ball
1-0: Ball
2-0: Called Strike
2-1: Ball
3-1: Called Strike
3-2: Fly out, F9 (Flyball, 9S)
Bottom of the 9th over - 0 runs, 1 hit, 0 errors, 2 left on base; Baltimore 6 - Florida 2
Friday, March 29th, 2019 - OOTP Baseball 18.8 Build 76